 Dungeon Crawl Stone Soup version 0.30-a0-897-ga2f19c967e (webtiles) character file.

Game seed: 11815108267639968105

75 112233 the Sneak (level 4, -3/27 HPs)
             Began as an Octopode Enchanter on Mar 18, 2023.
             Slain by an orc wizard
             ... wielding a +0 dagger
              (4 damage)
             ... on level 3 of the Dungeon.
             The game lasted 00:02:35 (1842 turns).

112233 the Sneak (Octopode Enchanter)               Turns: 1842, Time: 00:02:35

Health: -3/27      AC:  1    Str:  7    XL:     4   Next: 31%
Magic:  7/7        EV: 13    Int: 19    God:
Gold:   113        SH:  0    Dex: 12    Spells: 5/7 levels left

rFire   . . .      SeeInvis .    a - +1 dagger
rCold   . . .      Faith    .    (no shield)
rNeg    . . .      Spirit   .    (helmet restricted)
rPois   .          Reflect  .    (no amulet)
rElec   .          Rampage  .    (no ring)
rCorr   .                        (no ring)
Will    .....                    (no ring)
Stlth   ++++                     (no ring)
HPRegen 0.24/turn                (no ring)
MPRegen 0.10/turn                (no ring)
                                 (no ring)
                                 (no ring)

@: invisible
A: almost no armour, amphibious, 8 rings, camouflage 1, gelatinous body 1,
(nimble swimmer 1), tentacles
a: no special abilities


You were on level 3 of the Dungeon.
You visited 1 branch of the dungeon, and saw 3 of its levels.

You collected 113 gold pieces.

Inventory:

Hand Weapons
 a - a +1 dagger (weapon)
Jewellery
 e - a ring of willpower
 g - a ring of poison resistance
 l - an amulet of regeneration
Scrolls
 c - 3 scrolls of magic mapping {unknown}
 d - a scroll of vulnerability {unknown}
 h - a scroll of silence {unknown}
 j - a scroll of brand weapon {unknown}
 o - 2 scrolls of butterflies {unknown}
Potions
 f - 2 potions of haste {unknown}
 i - a potion of attraction {unknown}
 k - a potion of curing {unknown}
 m - a potion of flight {unknown}
 n - a potion of brilliance {unknown}
 p - a potion of cancellation {unknown}


   Skills:
 - Level 1.0 Short Blades
 - Level 2.0 Dodging
 + Level 6.9 Stealth
 - Level 2.0 Spellcasting
 - Level 3.0 Hexes


You had 5 spell levels left.
You knew the following spells:

 Your Spells              Type           Power      Damage    Failure   Level
a - Ensorcelled Hibernat  Hex/Ice        14%        N/A       14%         2

Your spell library contained the following spells:

 Spells                   Type           Power      Damage    Failure   Level
 Confusing Touch          Hex            13%        N/A       14%         3
 Tukima's Dance           Hex            13%        N/A       14%         3
 Dazzling Flash           Conj/Hex       14%        N/A       26%         3


Dungeon Overview and Level Annotations

Branches:
Dungeon (3/15)

Altars:
Okawaru

Shops:
D:3 ?((:(

Annotations:
D:2 Robin


Innate Abilities, Weirdness & Mutations

You cannot wear most types of armour.
You are amphibious.
You can wear up to eight rings at the same time.
Your skin changes colour to match your surroundings (Stealth+).
Your rubbery body absorbs attacks. (AC +1, EV +1)
((You are camouflaged when in or above water. (Stealth+)))
You have tentacles for arms and can constrict up to eight enemies at once.


Message History

Key pressed, stopping explore.
No target in view!
There is an open door here.
A kobold comes into view. It is wielding a +0 whip.
The kobold shouts!
There is an entrance to Noimyed's Book Boutique here.
A kobold is nearby!
A kobold is nearby!
The kobold misses you.
A kobold is nearby!
A kobold is nearby!
You hit the kobold.
You kill the kobold!
Key pressed, stopping explore.
No target in view!
There is an open door here.
An orc wizard comes into view. It is wielding a +0 dagger.
The orc wizard shouts!
An adder comes into view.
Found an escape hatch in the ceiling.
An orc priest comes into view. It is wielding a +0 flail.
An orc comes into view. It is wielding a +0 falchion.
There are monsters nearby!
An orc comes into view. It is wielding a +0 club.
Found Ugyepyuru's Antique Weapon Shoppe.
The orc shouts! x2
The orc priest calls down the wrath of Beogh upon you.
Beogh smites you!
There are monsters nearby!
The orc priest invokes the aid of Beogh against you.
Beogh smites you!
* * * LOW HITPOINT WARNING * * *
The orc wizard barely misses you.
There are monsters nearby!
You are too injured to fight recklessly!
There are monsters nearby!
Okay, then.
You fade into invisibility!
The orc wizard hits you with a +0 dagger.
You die...

##.....#
#..####.#...##
##.....# #........
#.#####.##..##
.'.....# #....∩..S
#...........##
##...†.# ....<....
#######.#.#...
.'.....# #....oo#
#.#...## ##....##
#......# #.###.##
#.∩..#
#.....o#########'###.#
##....#
#....o#...........#.#
.....##
#....@#.............#
######
#.....#...........###
#.....#...........##
#..^..#............#
#.....#............###
#.....'...............
#.....#.............##
############...)......
####...∩.##


You could see an orc priest (unable to see you), an orc wizard (unable to see
you), an adder (wandering, unable to see you) and 2 orcs.

Vanquished Creatures
  An adder (D:3)
  3 worms
  2 dart slugs
  An orc (D:3)
  10 endoplasms
  10 goblins
  2 hobgoblins
  3 jackals (D:1)
  A quokka (D:1)
  4 ball pythons (D:1)
  2 bats
  A frilled lizard (D:3)
  5 kobolds
  A rat (D:1)
46 creatures vanquished.

Notes
Turn   | Place    | Note
-------+----------+-------------------------------------------
     0 | D:1      | 112233 the Octopode Enchanter began the quest for the Orb.
     0 | D:1      | Reached XP level 1. HP: 11/11 MP: 3/3
   241 | D:1      | Reached XP level 2. HP: 13/17 MP: 5/5
   360 | D:1      | Reached skill level 5 in Stealth
   725 | D:1      | Found a faded altar of an unknown god.
   901 | D:1      | Reached XP level 3. HP: 21/21 MP: 6/6
   940 | D:2      | Learned a level 2 spell: Ensorcelled Hibernation
  1010 | D:2      | Reached skill level 6 in Stealth
  1072 | D:2      | Noticed Robin
  1188 | D:3      | Found an iron altar of Okawaru.
  1303 | D:3      | Found Noimyed's Book Boutique.
  1308 | D:3      | Reached XP level 4. HP: 27/27 MP: 7/7
  1433 | D:3      | Found Jearephoch's Magic Scroll Boutique.
  1461 | D:3      | Found Fenij's Antique Weapon Boutique.
  1608 | D:3      | Found Ruzumyf's Weapon Emporium.
  1840 | D:3      | Found Ugyepyuru's Antique Weapon Shoppe.
  1841 | D:3      | HP: 1/27 [orc priest/divine providence (13)]
  1842 | D:3      | Slain by an orc wizard

Illustrated notes

Levels and vault maps discovered:
D:1:      lightli_arrival_noodles, layout_loops_corners,
          dreamdust_ecumenical_altar_statues
D:2:      minmay_roachtagon, layout_rooms, uniq_robin
D:3:      layout_basic, kennysheep_okawaru_gauntlet, serial_shops, shop, shop,
          shop, nicolae_lakefront_shop, shop_statue

Skill      XL: |  1  2  3 |
---------------+----------+-----
Stealth        | 5 6 |  6.9
Short Blades   | |  1.0
Dodging        | |  2.0
Spellcasting   | |  2.0
Hexes          | |  3.0

Action                     |  1- 3 |  4- 6 || total
---------------------------+-------+-------++-------
  Melee: Dagger            |    64 |    16 ||    80
         Tentacles         |    14 |     1 ||    15
         Constrict         |    13 |     1 ||    14
         Punch             |       |     1 ||     1
   Cast: Ensorcelled Hiber |     2 |       ||     2
    Use: Potion            |     2 |     1 ||     3
   Stab: Sleeping          |    14 |     8 ||    22
 Armour: Skin              |     4 |       ||     4
  Dodge: Dodged            |    30 |     5 ||    35

Table legend: (Time is in decaauts)
 A = Elapsed time spent in this place.
 B = Non-inter-level travel time spent in this place.
 C = Inter-level travel time spent in this place.
 D = Time resting spent in this place.
 E = Time spent auto-exploring this place.
 F = Levels seen in this place.
 G = Mean time per level.
                   A        B        C        D        E       F      G
               +--------+--------+--------+--------+--------+-----+--------+
         Total |   1837 |   1816 |     21 |     59 |   1367 |   3 |  612.3 |
       Dungeon |   1837 |   1816 |     21 |     59 |   1367 |   3 |  612.3 |
               +--------+--------+--------+--------+--------+-----+--------+

Top non-repeatable levels by time:
     D:1: 910 daAuts
     D:3: 729 daAuts
     D:2: 196 daAuts
